Workbook
Name allowance: Sheet1!$F$35
Name avg_int: Sheet2!$C$21
Name defer: Sheet1!$F$32
Name mrate: Sheet1!$H$15
Name normal: Sheet2!$H$20
Name off_incr: Sheet2!$L$6
Name offset: Sheet2!$H$19
Name rate: Sheet1!$F$36
Name Sale_price: Sheet2!$B$4
Name state: Sheet1!$F$31
Name vanilla: Sheet2!$L$8
Name vrate: Sheet1!#REF!
Name years: Sheet1!$H$16

Sheet Sheet1
A1: Rough calculation of available funds for flat purchase
C2: 43745
A3: Current surplus in bank | B3: 0 | C3: 200000
A4: JEJT contingency | B4: 0 | C4: =B4 -> 0
A6: Available for down payment and costs | B6: =SUM(B3:B5) -> 0 | C6: =Sheet2!D14 -> 273434.9 | E6: =12*PMT(vrate/12,years*12,C5) -> #REF! | F6: 43745
A7: Available for down payment | B7: =B6+E16 -> -38739 | C7: =C6+E16 -> 234695.9 | E7: =-vrate*C5 -> #REF! | F7: Interest only
A9: CWT annual salary @ 0.5FTE, net | B9: 30480 | C9: =2592*12 -> 31104
A10: CWT annual pension @75%, net | B10: =0.75*J10 -> 12030.3 | C10: =J10 -> 16040.4 | D10: Gross | E10: =J10/0.8 -> 20050.5 | F10: Net | G10: =15790/0.75 -> 21053.333 | H10: Actual net 7/10 | I10: 1336.7 | J10: =I10*12 -> 16040.4
A11: HT annual salary @0.5 FTE, net | B11: 24468 | C11: =2250*12 -> 27000
A12: HT annual pension @75% | B12: =0.75*G12 -> 17582.4 | C12: =G12 -> 23443.2 | D12: Gross | E12: =G12/0.8 -> 29304 | F12: Actual net | G12: =1953.6*12 -> 23443.2 | I12: Disposition | J12: 480
A13: Annual income estimated from 1Aug2019 (net of tax) | B13: =SUM(B9:B12) -> 84560.7 | C13: =SUM(C9:C12) -> 97587.6 | D13: =C13/12 -> 8132.3 | I13: Standard Security | J13: 60
C14: =C13/12 -> 8132.3 | I14: LBTT | J14: =8350*-E15/350000 -> -10735.714
A15: Mortgage from e.g. HSBC | B15: 270000 | C15: =E19 -> 684695.9 | D15: Cost | E15: 450000 | G15: mrate | H15: 0.0499 | I15: ADS | J15: =14000*-E15/350000 -> -18000
A16: Annual mortgage payment | B16: =F18 -> 93109.421 | C16: =F19 -> 9517.273 | D16: Cost of sale | E16: =-Sheet2!C14 -> -38739 | G16: years | H16: 5 | I16: Altis | J16: 30
A17: Annual overdraft payment | B17: =E5 -> 0 | C17: -1000 | I17: Fee+VAT | J17: 1800
A18: That leaves us to live on annually | B18: =B13+B16+B17 -> 177670.12 | C18: =C13+C16+C17+12*Sheet2!A52 -> 102488.87 | D18: Less deposit | E18: =E15+B7 -> 411261 | F18: =-12*PMT(mrate/12,years*12,E18) -> 93109.421 | G18: annual cost of mortgage | J18: =SUM(J12:J17) -> -26365.714
A19: That leaves us to live on per month | B19: =B18/12 -> 14805.843 | C19: =C18/12 -> 8540.7394 | E19: =E15+C7 -> 684695.9 | F19: =1.39%*E19 -> 9517.273
A20: We currently spend £2,800/month on regular payments plus cash | B20: 2800 | C20: 2800 | F20: =F19/12 -> 793.10608
A21: What we'd have to limit ourselves to on credit card (~ 1/2 of what we currenly spend) | B21: =B19-B20 -> 12005.843 | C21: =C19-C20 -> 5740.7394
G22: interest only | H22: 0.0139
A23: BUT also get remainder of lump sum when fully retire | D23: Rent | E23: 1400 | G23: Annual cost | H23: =H22*E19 -> 9517.273
A24: MINUS salary, PLUS remaining 25% of pension | D24: Net of tax and expenses | E24: =E23*0.8-100 -> 1020 | G24: Monthly | H24: =H23/12 -> 793.10608
G25: Annual net | H25: =C13+H23+E7 -> #REF!
A26: Suppose we fully retire | C26: 80267.9 | G26: Monthly net | H26: =H25/12 -> #REF!
A27: Estimate of Cath lump sum when fully retire | B27: =80000/3 -> 26666.667 | C27: =C26/3 -> 26755.967
A28: Estimate of HST lump sum when fully retire | B28: =#REF!/3 -> #REF! | C28: =#REF!/3 -> #REF!
A29: Likely lump sum remainder | B29: =SUM(B27:B28) -> #REF! | C29: =SUM(C27:C28) -> #REF!
A30: Waterdell sale estimate | C30: 150000 | G30: Balance | H30: =C29+C30+E19 -> #REF!
A31: Estimate of Cath income when fully retired - gross pension | B31: =E10+state+(3*defer*state) -> 28643.313 | C31: =state+(3*defer*state) -> 8592.8128 | F31: 6549.4
A32: Estimate of Henry income when fully retired - gross pension | B32: =E12+state+state*defer*5 -> 39259.088 | C32: =state+state*defer*5 -> 9955.088 | E32: state | F32: 0.104
A33: Gross annual income once fully retired | B33: =SUM(B31:B32) -> 67902.401 | C33: =SUM(C31:C32) -> 18547.901 | D33: (state only) | E33: defer++
A35: Taxable | B35: =B33-2*allowance -> 44202.401 | C35: 0 | F35: 11850
A36: After tax | B36: =B33-(B35*rate) -> 59061.921 | C36: =C33+((E12+J10)*0.8)+12*E24 -> 67063.421 | D36: now including main pension) | E36: allowance | F36: 0.2
A37: Per month | B37: =B36/12 -> 4921.8267 | C37: =C36/12 -> 5588.6184 | E37: rate
A38: Monthly income, net of tax and mortgage | B38: =B37+(B16+B17)/12 -> 12680.945 | C38: =C37+(C16+C17)/12 -> 6298.3912 | H38: =C37+H24 -> 6381.7245
A40: So, unless we use W'dell to pay off mortgage, we're in trouble…
A41: Every 10000 we add to the purchase price costs us 200/mo
A42: Or, every 10000 we take off the price only saves us 200/mo
A44: Triodos
A45: Cash ISA HST | B45: =31063.77 -> 31063.77
A46: Cash ISA CWT | B46: =B45 -> 31063.77
A47: Ecology BS HST | B47: 10960
A48: Ecology BS CWT | B48: 10960
A49: IFISA HST | C49: 10353.09 | D49: These are not liquid
A50: IFISA CWT | C50: =C49 -> 10353.09

Sheet Sheet2
A1: Funding the purchase of 4 Chichester House in Cambridge
A2: This version: 16 June 2025
A3: Sale price | B3: Cost of purchase | D3: Savings
A4: Value | B4: 415000 | C4: 480 | D4: 200000 | E4: From liquidations
B5: Standard Security? | C5: 60 | D5: 65028.95 | E5: Ecology BS CWT | F5: Cash ISA | G5: 3901011738 | H5: 08-90-72
B6: Stamp Duty | C6: =8%*Sale_price -> 33200 | D6: 32787.64 | E6: Ecology BS HST | F6: Cash ISA | G6: 3901011716 | H6: 08-90-72 | J6: offset incr | L6: 0.005
B7: Fixed Rate fee | C7: 250 | D7: 22030.11 | E7: Skipton BS HST | F7: Cash ISA | G7: 923763564 | H7: 20 - 78 - 91 | J7: I-only incr | L7: 0.0085
B8: Altis | C8: 30 | D8: 25709.38 | E8: Triodos HST | F8: Cash ISA | G8: 20689470 | H8: 16-58-10 | J8: I-only, variable | L8: 0.0435 | M8: vanilla
B9: Loan fee | C9: 1499 | D9: 37550.87 | E9: Triodos CWT | F9: Cash ISA | G9: 20689489 | H9: 16-58-10 | J9: Single loans use BoE base, part&part use HB base
B10: Transfer fee | C10: 20 | D10: 327.95 | E10: Triodos CWT | F10: Savings | G10: 22246088 | H10: 16-58-10
B11: Valuation fee | C11: 700 | D11: 90000 | E11: New Skipton HST Savings | O11: offset
B13: Legal fees | C13: 2500 | D13: 0 | E13: Overdraft | O13: normal
B14: Total | C14: =SUM(C4:C13) -> 38739 | D14: =SUM(D5:D13) -> 273434.9 | E14: Total
A16: =-Sale_price -> -415000 | B16: Sale Price | D16: =32787.64-D6 -> 0 | E16: Ecology BS HST | F16: Cash ISA | G16: 3901011716 | H16: 08-90-72 | V16: =T16+B$4+U16 -> 415000
A17: =-C14 -> -38739 | B17: Cost of Purchase | V17: =T17+B$4+U17 -> 415000
A18: =D14-20000+304.1 -> 253739 | B18: Cash contribution | C18: =A18 -> 253739 | D18: 283539 | E18: 2-part examples | V18: =T18+B$4+U18 -> 415000
A19: =SUM(A16:A18) -> -200000 | B19: Loan requirement | C19: =A16+A17+C18 -> -200000 | D19: =C19/2 -> -100000 | E19: I-only offset | F19: 100000 | G19: 485 | H19: =(G19/31)*365/F19 -> 0.057104839 | V19: =T19+B$4+U19 -> 415000
A20: =-A19/1000000 -> 0.2 | B20: LTV wrt Douglas Crescent | E20: I-only normal | F20: 120000 | G20: 531 | H20: =(G20/31)*365/F20 -> 0.052100806
B21: avg_int | C21: =3% -> 0.03 | G21: =SUM(G19:G20) -> 1016
B22: 1 yr lump? | C22: 0 | D22: =C22 -> 0 | F22: 100000 | G22: =F22*offset*31/365 -> 485 | H22: =(G22/31)*365/F22 -> 0.057104839 | V22: =T22+B$4+U22 -> 415000
A23: =A18*(avg_int/12) -> 634.3475 | B23: monthly lost interest | C23: =C18*(avg_int/12) -> 634.3475 | D23: =D18*(avg_int/12) -> 708.8475 | F23: 100000 | G23: =F23*normal*31/365 -> 442.5 | H23: =(G23/31)*365/F23 -> 0.052100806 | V23: =T23+B$4+U23 -> 415000
A24: =A$23*12 -> 7612.17 | B24: yr 1 lost | C24: =C$23*12 -> 7612.17 | D24: =D$23*12 -> 8506.17 | G24: =SUM(G22:G23) -> 927.5 | V24: =T24+B$4+U24 -> 415000
A25: =A$23*12 -> 7612.17 | B25: y 2 lost no lump | C25: =C$23*12 -> 7612.17 | D25: =D$23*12 -> 8506.17 | F25: 50000 | G25: =F25*offset*31/365 -> 242.5 | H25: =(G25/31)*365/F25 -> 0.057104839 | V25: =T25+B$4+U25 -> 415000
A26: =(A18-C22)*(avg_int/12)*12 -> 7612.17 | B26: y 2 lost w. lump | C26: =(C18-C22)*(avg_int/12)*12 -> 7612.17 | D26: =(D18-D22)*(avg_int/12)*12 -> 8506.17 | F26: 150000 | G26: =F26*normal*31/365 -> 663.75 | H26: =(G26/31)*365/F26 -> 0.052100806
G27: =SUM(G25:G26) -> 906.25
E29: 1-part examples | J29: After 1 yr | L29: After 2 yr
E30: normal | F30: 205000 | G30: =F30*vanilla*31/365 -> 757.37671 | H30: =vanilla -> 0.0435 | J30: =-(12*$G$30)-$A24 -> -16700.691 | L30: =J30-(12*$G$30)-$A25 -> -33401.381 | M30: =L30-$F$30 -> -238401.38
E31: w. lump | J31: =-(12*$G$30)-$A25 -> -16700.691 | L31: =J31-(12*$G$30)-$A26 -> -33401.381 | M31: =L31-$F$30 -> -238401.38
E32: normal | F32: 180000 | G32: =F32*vanilla*31/365 -> 665.0137 | H32: =vanilla -> 0.0435 | J32: =-(12*$G$32)-$C24 -> -15592.334 | L32: =J32-(12*$G$32)-$A25 -> -31184.669 | M32: =L32-$F$32 -> -211184.67
E33: w. lump | J33: =-(12*$G$32)-$C25 -> -15592.334 | L33: =J33-(12*$G$32)-$A26 -> -31184.669 | M33: =L33-$F$32 -> -211184.67
E34: normal | F34: 100000 | G34: =F34*vanilla*31/365 -> 369.45205 | H34: =vanilla -> 0.0435 | J34: =-(12*$G$34)-$D24 -> -12939.595 | L34: =J34-(12*$G$34)-$D25 -> -25879.189 | M34: =L34-$F$34 -> -125879.19
E35: w. lump | J35: =-(12*$G$32)-$C27 -> -7980.1644 | L35: =J35-(12*$G$32)-$A28 -> -15960.329 | M35: =L35-$F$32 -> -195960.33
E36: offset drawn | F36: 220000 | G36: =F36*H36*31/365 -> 906.21918 | H36: {=vanilla+off_incr} -> 0.0485 | J36: =-A$24-G36*12 -> -18486.8 | L36: =J36-((12*G36)+A$25) -> -36973.6 | M36: =L36-F36 -> -256973.6
E37: offset 50% drawn | F37: =avg_int*F36/2 -> 3300 | G37: =G36/2 -> 453.10959 | J37: =-A$24-F37-G37*12 -> -16349.485 | L37: =J37-F37-((12*G37)+A$25) -> -32698.97 | M37: =L37-F36/2 -> -142698.97
E38: offset drawn | F38: 200000 | G38: =F38*H38*31/365 -> 823.83562 | H38: {=vanilla+off_incr} -> 0.0485
E39: offset 50% drawn | G39: =G38/2 -> 411.91781
A45: Monthly net
A46: =A$19*B46/12 -> -666.66667 | B46: 0.04 | C46: 2-year fixed interest-only loan rate
A47: =-B47/12 -> -12.5 | B47: 150 | C47: Contents insurance?
A48: =-B48*A49 -> -110 | B48: 0.1 | C48: Management fee
A49: =B49 -> 1100 | B49: 1100 | C49: Belford Rent
A50: =-B50/12 -> -416.66667 | B50: 5000 | C50: Contingencies
A51: =SUM(A47:A49)*-B51 -> -195.5 | B51: 0.2 | C51: Tax
A52: =SUM(A46:A51) -> -301.33333 | B52: Net monthly income
A54: Capital expectations
A55: 26755.967 | B55: CWT remaining lump
A56: 30867.267 | B56: HST remaining lump
A58: Liquid savings
A59: =2*Sheet1!B46 -> 62127.54 | B59: Cash ISAs, Triodos
A60: =2*(Sheet1!B47-E60) -> 19920 | C60: Savings, Ecology BS | E60: 1000
A61: 1170 | B61: CWT Skipton
A63: 267304 | B63: Actual loan
A64: =A19+A63 -> 67304 | B64: Shortfall
A65: =2*B65 -> 0 | B65: 0 | C65: from each Cash ISA
A66: =A64+A65 -> 67304 | B66: Net full-cost balance
A68: =-A63 -> -267304 | B68: Loan
A69: =SUM(A55:A56) -> 57623.233 | B69: Lump sums
A70: =#REF! -> #REF! | B70: Waterdell
A71: =SUM(A68:A70) -> #REF! | B71: Remaining capital
A73: So we should be OK to pay off the loan on its 2nd anniversary, e.g. January 23 2022
A75: Post-repay income
A76: =-B76/12 -> -12.5 | B76: 150 | C76: Contents insurance?
A77: -100 | C77: Factoring fee
A78: =-B78*A79 -> -125 | B78: 0.1 | C78: Management fee
A79: =B79 -> 1250 | B79: 1250 | C79: Rent
A80: =A71*B80/12 -> #REF! | B80: 0.02 | C80: Savings rate?
A81: =SUM(A76:A79)*-B81 -> -202.5 | B81: 0.2 | C81: Tax
A82: =SUM(A72:A81) -> #REF! | B82: Net monthly income from assets
A83: =SUM(Sheet1!C31:C32)/12 -> 1545.6584 | B83: State pensions
A84: =SUM(Sheet1!B31:B32)/12*(1-B81) -> 4526.8267 | B84: Personal pensions
A85: =((2*(E60+24*250))+(A59-A65))*B85/12 -> 95.159425 | B85: 0.015 | C85: ISAs and savings
A86: =(1-B81)*B86/12 -> 93.333333 | B86: 1400 | C86: Other misc pensions
A87: =SUM(A82:A86) -> #REF! | B87: Total net monthly income
A89: =(1789.7+2545.04+2336.51+1440.99) -> 8112.24 | B89: Current net salaries+pensions
A90: =A87-A89 -> #REF! | B90: Change in monthly income
A94: Ecology BS CWT | B94: Cash ISA | C94: 3901011738 | D94: 08-90-72 | E94: 65028.95
A95: Ecology BS HST | B95: Cash ISA | C95: 3901011716 | D95: 08-90-72 | E95: 32787.64
A96: Skipton BS HST | B96: Cash ISA | C96: 923763564 | D96: 20 - 78 - 91 | E96: 22030.11
A97: Triodos HST | B97: Cash ISA | C97: 20689470 | D97: 16-58-10 | E97: 25709.38
A98: Triodos CWT | B98: Cash ISA | C98: 20689489 | D98: 16-58-10 | E98: 37550.87
A99: Triodos CWT | B99: Savings | C99: 22246088 | D99: 16-58-10 | E99: 327.95
A101: I'm trying to work to this goal: Maximise flexibility while minimising cost. To that end I am trying compute the (total) cost for two options, assuming that: a) We might need 50--80k some time in year 1; b) We should get 80K from my final lump sum by the end of year 1 c) We need 385K to buy the flat; we have about 300K in (liquid) savings.
E109: Year 1 | F109: Year 2
A110: Savings | B110: 380000 | D110: Svgs Interest | E110: 0.03 | F110: 0.0225 | G110: =E110+0.5% -> 0.035
A111: Cost | B111: =-SUM(A16:A17) -> 453739 | D111: BoE base | E111: 0.04 | F111: 0.035 | G111: =E111+0.5% -> 0.045
D112: H base | E112: 0.0436 | F112: 0.0386 | G112: =E3+0.5% -> 0.005
D113: offset incr | E113: 0.005 | F113: 0.005
D114: I-only incr | E114: 0.0035 | F114: 0.0085
D115: Single loans use BoE base | E115: =E111+E114 -> 0.0435 | F115: =F111+F114 -> 0.0435
D116: Part&part use HB base
D117: Normal part | E117: =E3+E114 -> 0.0035 | F117: =F3+F114 -> 0.0085
D118: Offset part | E118: =E8+E113 -> #VALUE! | F118: =F8+F113 -> #VALUE!
I119: Year 1 | N119: Year 2
A120: Option 1: A single interest-only loan | D120: Reserve | E120: Deposit | F120: Loan | I120: Interest | J120: Loan pmt | K120: Reserve interest | L120: Lump sum | M120: Drawn | N120: Interest | O120: Loan pmt | P120: Reserve interest | Q120: Net interest | R120: Capital repayment | S120: Total cost | T120: Net to find | U120: Sell Belford | V120: Asset delta
A121: Cheat to compare with no purchase | D121: =B110 -> 380000 | E121: 0 | F121: 0 | I121: =E110 -> 0.03 | J121: 0 | K121: =D121*$E$110 -> 11400 | L121: 0 | M121: 0 | N121: =F110 -> 0.0225 | O121: =(F121+L121)*N121 -> 0 | P121: =D121*F$110 -> 8550 | Q121: =J121+O121+K121+P121 -> 19950 | R121: =L121 -> 0 | S121: =R121+Q121 -> 19950 | T121: =D121+S121 -> 399950 | U121: 350000 | V121: =T121+U121 -> 749950
D122: =B$110+E122 -> 215000 | E122: -165000 | F122: =-(B$111+E122) -> -288739 | I122: =E$115 -> 0.0435 | J122: =I122*F122 -> -12560.147 | K122: =D122*$E$110 -> 6450 | L122: 0 | M122: 0 | N122: =F$115 -> 0.0435 | O122: =(F122+L122)*N122 -> -12560.147 | P122: =D122*F$110 -> 4837.5 | Q122: =J122+O122+K122+P122 -> -13832.793 | R122: =F122+L122 -> -288739 | S122: =R122+Q122 -> -302571.79 | T122: =D122+S122 -> -87571.793 | U122: 350000 | V122: =T122+Sale_price+U122 -> 677428.21
D123: =B$110+E123 -> 195000 | E123: -185000 | F123: =-(B$111+E123) -> -268739 | I123: =E$115 -> 0.0435 | J123: =I123*F123 -> -11690.147 | K123: =D123*$E$110 -> 5850 | L123: 0 | M123: 0 | N123: =F$115 -> 0.0435 | O123: =(F123+L123)*N123 -> -11690.147 | P123: =D123*F$110 -> 4387.5 | Q123: =J123+O123+K123+P123 -> -13142.793 | R123: =F123+L123 -> -268739 | S123: =R123+Q123 -> -281881.79 | T123: =D123+S123 -> -86881.793 | U123: 350000 | V123: =T123+Sale_price+U123 -> 678118.21
D124: =B$110+E124 -> 126261 | E124: =-A18 -> -253739 | F124: =-(B$111+E124) -> -200000 | I124: =E$115 -> 0.0435 | J124: =I124*F124 -> -8700 | K124: =D124*E$110 -> 3787.83 | L124: 0 | M124: 0 | N124: =F115 -> 0.0435 | O124: =(F124+L124)*N124 -> -8700 | P124: =D124*F$110 -> 2840.8725 | Q124: =J124+O124+K124+P124 -> -10771.298 | R124: =F124+L124 -> -200000 | S124: =R124+Q124 -> -210771.3 | T124: =D124+S124 -> -84510.298 | U124: 350000 | V124: =T124+Sale_price+U124 -> 680489.7
D125: =B$110+E125 -> 80000 | E125: -300000 | F125: =-(B$111+E125) -> -153739 | I125: =E$115 -> 0.0435 | J125: =I125*F125 -> -6687.6465 | K125: =D125*E$110 -> 2400 | L125: 0 | M125: 0 | N125: =F$115 -> 0.0435 | O125: =(F125+L125)*N125 -> -6687.6465 | P125: =D125*F$110 -> 1800 | Q125: =J125+O125+K125+P125 -> -9175.293 | R125: =F125+L125 -> -153739 | S125: =R125+Q125 -> -162914.29 | T125: =D125+S125 -> -82914.293 | U125: 350000 | V125: =T125+Sale_price+U125 -> 682085.71
A127: Option 2: Part and part interest only | D127: Reserve | E127: Deposit | F127: Loan | G127: Offset | H127: Drawn | I127: Interest | J127: Loan pmts | K127: Reserve interest | L127: Lump sum | M127: Drawn | N127: Interest | O127: Loan pmt | P127: Reserve interest | Q127: Net interest | R127: Capital repayment | S127: Total cost | T127: Net to find | U127: Sell Belford | V127: Asset delta
...

Sheet Sheet3
E1: Year 1 | F1: Year 2
A2: Savings | B2: 300000 | D2: Svgs Interest | E2: 0.03 | F2: 0.0225 | G2: =E2+0.5% -> 0.035
A3: Cost | B3: 385000 | D3: BoE base | E3: 0.04 | F3: 0.035 | G3: =E3+0.5% -> 0.045
A4: Value | B4: 350000 | D4: HB base | E4: 0.0436 | F4: 0.0386 | G4: =E4+0.5% -> 0.0486
D5: offset incr | E5: 0.005 | F5: 0.005
D6: I-only incr | E6: 0.0085 | F6: 0.0085
A8: Single loans use BoE base | E8: =E3+E6 -> 0.0485 | F8: =F3+F6 -> 0.0435
A9: Part&part use HB base | D9: Normal part | E9: =E4+E6 -> 0.0521 | F9: =F4+F6 -> 0.0471
D10: Offset part | E10: =E9+E5 -> 0.0571 | F10: =F9+F5 -> 0.0521
I12: Year 1 | N12: Year 2
A13: Option 1: A single interest-only loan | D13: Reserve | E13: Deposit | F13: Loan | I13: Interest | J13: Loan pmt | K13: Reserve interest | L13: Lump sum | M13: Drawn | N13: Interest | O13: Loan pmt | P13: Reserve interest | Q13: Net interest | R13: Capital repayment | S13: Total cost | T13: Net to find | U13: Sell Belford | V13: Asset delta
A14: Don't buy anything after all | D14: 300000 | E14: 0 | F14: 0 | I14: =E2 -> 0.03 | J14: 0 | K14: =D14*$E$2 -> 9000 | L14: 80000 | M14: 0 | N14: =F2 -> 0.0225 | O14: =(F14+L14)*N14 -> 1800 | P14: =D14*F$2 -> 6750 | Q14: =J14+O14+K14+P14 -> 17550 | R14: =L14 -> 80000 | S14: =R14+Q14 -> 97550 | T14: =D14+S14 -> 397550 | U14: 350000 | V14: =T14+U14 -> 747550
D15: =B$2+E15 -> 135000 | E15: -165000 | F15: =-(B$3+E15) -> -220000 | I15: =E$8 -> 0.0485 | J15: =I15*F15 -> -10670 | K15: =D15*$E$2 -> 4050 | L15: 80000 | M15: 0 | N15: =F$8 -> 0.0435 | O15: =(F15+L15)*N15 -> -6090 | P15: =D15*F$2 -> 3037.5 | Q15: =J15+O15+K15+P15 -> -9672.5 | R15: =F15+L15 -> -140000 | S15: =R15+Q15 -> -149672.5 | T15: =D15+S15 -> -14672.5 | U15: 350000 | V15: =T15+B$4+U15 -> 685327.5
D16: =B$2+E16 -> 115000 | E16: -185000 | F16: =-(B$3+E16) -> -200000 | I16: =E$8 -> 0.0485 | J16: =I16*F16 -> -9700 | K16: =D16*$E$2 -> 3450 | L16: 80000 | M16: 0 | N16: =F$8 -> 0.0435 | O16: =(F16+L16)*N16 -> -5220 | P16: =D16*F$2 -> 2587.5 | Q16: =J16+O16+K16+P16 -> -8882.5 | R16: =F16+L16 -> -120000 | S16: =R16+Q16 -> -128882.5 | T16: =D16+S16 -> -13882.5 | U16: 350000 | V16: =T16+B$4+U16 -> 686117.5
D17: =B$2+E17 -> 100000 | E17: -200000 | F17: =-(B$3+E17) -> -185000 | I17: =E$8 -> 0.0485 | J17: =I17*F17 -> -8972.5 | K17: =D17*E$2 -> 3000 | L17: 80000 | M17: 0 | N17: =F8 -> 0.0435 | O17: =(F17+L17)*N17 -> -4567.5 | P17: =D17*F$2 -> 2250 | Q17: =J17+O17+K17+P17 -> -8290 | R17: =F17+L17 -> -105000 | S17: =R17+Q17 -> -113290 | T17: =D17+S17 -> -13290 | U17: 350000 | V17: =T17+B$4+U17 -> 686710
D18: =B$2+E18 -> 0 | E18: -300000 | F18: =-(B$3+E18) -> -85000 | I18: =E$8 -> 0.0485 | J18: =I18*F18 -> -4122.5 | K18: =D18*E$2 -> 0 | L18: 80000 | M18: 0 | N18: =F$8 -> 0.0435 | O18: =(F18+L18)*N18 -> -217.5 | P18: =D18*F$2 -> 0 | Q18: =J18+O18+K18+P18 -> -4340 | R18: =F18+L18 -> -5000 | S18: =R18+Q18 -> -9340 | T18: =D18+S18 -> -9340 | U18: 350000 | V18: =T18+B$4+U18 -> 690660
A20: Option 2: Part normal and part offset, interest only | D20: Reserve | E20: Deposit | F20: Loan | G20: Offset | H20: Drawn | I20: Interest | J20: Loan pmts | K20: Reserve interest | L20: Lump sum | M20: Drawn | N20: Interest | O20: Loan pmt | P20: Reserve interest | Q20: Net interest | R20: Capital repayment | S20: Total cost | T20: Net to find | U20: Sell Belford | V20: Asset delta
D21: =B$2+(E21-G21) -> 90000 | E21: -125000 | F21: =-H21-(B$3+E21) -> -180000 | G21: 85000 | H21: -80000 | I21: =E$9 -> 0.0521 | J21: =(I21*F21)+(H21*(I21+E$5)) -> -13946 | K21: =D21*$E$2 -> 2700 | L21: 80000 | M21: =H21+L21 -> 0 | N21: =F$9 -> 0.0471 | O21: =(F21*N21)+M21*(N21+F$5) -> -8478 | P21: =D21*F$2 -> 2025 | Q21: =J21+O21+K21+P21 -> -17699 | R21: =F21 -> -180000 | S21: =R21+Q21 -> -197699 | T21: =D21+S21+(G21+M21) -> -22699 | U21: 350000 | V21: =T21+B$4+U21 -> 677301
D22: =B$2+(E22-G22) -> 65000 | E22: -150000 | F22: =-H22-(B$3+E22) -> -155000 | G22: 85000 | H22: -80000 | I22: =E$9 -> 0.0521 | J22: =(I22*F22)+(H22*(I22+E$5)) -> -12643.5 | K22: =D22*$E$2 -> 1950 | L22: 80000 | M22: =H22+L22 -> 0 | N22: =F$9 -> 0.0471 | O22: =(F22*N22)+M22*(N22+F$5) -> -7300.5 | P22: =D22*F$2 -> 1462.5 | Q22: =J22+O22+K22+P22 -> -16531.5 | R22: =F22 -> -155000 | S22: =R22+Q22 -> -171531.5 | T22: =D22+S22+(G22+M22) -> -21531.5 | U22: 350000 | V22: =T22+B$4+U22 -> 678468.5
D23: =B$2+(E23-G23) -> 30000 | E23: -185000 | F23: =-H23-(B$3+E23) -> -120000 | G23: 85000 | H23: -80000 | I23: =E$9 -> 0.0521 | J23: =(I23*F23)+(H23*(I23+E$5)) -> -10820 | K23: =D23*$E$2 -> 900 | L23: 80000 | M23: =H23+L23 -> 0 | N23: =F$9 -> 0.0471 | O23: =(F23*N23)+M23*(N23+F$5) -> -5652 | P23: =D23*F$2 -> 675 | Q23: =J23+O23+K23+P23 -> -14897 | R23: =F23 -> -120000 | S23: =R23+Q23 -> -134897 | T23: =D23+S23+(G23+M23) -> -19897 | U23: 350000 | V23: =T23+B$4+U23 -> 680103
D24: =B$2+(E24-G24) -> 15000 | E24: -200000 | F24: =-H24-(B$3+E24) -> -105000 | G24: 85000 | H24: -80000 | I24: =E$9 -> 0.0521 | J24: =(I24*F24)+(H24*(I24+E$5)) -> -10038.5 | K24: =D24*$E$2 -> 450 | L24: 80000 | M24: =H24+L24 -> 0 | N24: =F$9 -> 0.0471 | O24: =(F24*N24)+M24*(N24+F$5) -> -4945.5 | P24: =D24*F$2 -> 337.5 | Q24: =J24+O24+K24+P24 -> -14196.5 | R24: =F24 -> -105000 | S24: =R24+Q24 -> -119196.5 | T24: =D24+S24+(G24+M24) -> -19196.5 | U24: 350000 | V24: =T24+B$4+U24 -> 680803.5
U27: Net cost | V27: =V14-V16 -> 61432.5
A28: How the part+part would work for the 150 deposit version | U28: per month | V28: =V27/24 -> 2559.6875
A29: Day 1 | B29: We liquidate 85K, put it in a savings account
A30: Day 2 | B30: We draw down 80K into the current account
A31: Day 3 | B31: We liquidate 70K, add to the current account
A32: Day 3 | B32: We pay the deposit with the 150K in the current account
A33: Day 4 | B33: We borrow 155K, liquidate 80K and pay the balance on the house and all the costs with the resulting 235K
